Map: Stranded Isles

Players

Who

  • Race: Terran Terran
  • Spawn Location: 6:00

Blinky

  • Race: Protoss Protoss
  • League: Master
  • Spawn Location: 3:00

States

  • Race: Terran Terran
  • Spawn Location: 6:00

Dink - Winner!

  • Race: Zerg Zerg
  • League: Master
  • Spawn Location: 12:00

SneakyProbe - Winner!

  • Race: Protoss Protoss
  • Spawn Location: 12:00

HearYeHearYe - Winner!

  • Race: Terran Terran
  • League: Gold
  • Spawn Location: 9:00

VOD

Have the link to the VOD?

Description

4th game

Time

  • Played on: July 2, 2019, 4:03 a.m.
  • Length: 14:27
Show
View Real Time Build Order
Export as new Build Order

Who Terran 

Build Orders:  

Get SALT Encoding   

  12  0:01  SCV  
  13  0:13  SCV  
  14  0:20  Supply Depot  
  14  0:25  SCV  
  15  0:31  Refinery  
  15  0:42  SCV  
  16  0:47  Barracks  
  16  1:02  SCV  
  17  1:14  SCV  
  17  1:15  Barracks  
  18  1:22  Barracks  
  18  1:38  Orbital Command  
  18  1:46  Reaper  
  19  2:04  Refinery  
  19  2:05  Supply Depot  
  19  2:10  Reaper  
  19  2:15  Reaper  
  21  2:18  Reaper  
  22  2:32  SCV  
  23  2:43  Reaper  
  24  3:00  Reaper  
  24  3:01  Reaper  
  24  3:04  Supply Depot  
  26  3:07  SCV  
  27  3:15  Factory  
  27  3:19  SCV  
  28  3:23  Reaper  
  29  3:29  Supply Depot x2  
  29  3:37  Reaper  
  29  3:38  Reaper  
  31  3:43  SCV  
  31  3:56  Reaper  
  31  3:58  SCV  
  31  4:07  Factory Tech Lab  
  31  4:16  Starport  
  30  4:33  Siege Tank, Marine  
  30  4:34  Marine x2  
  36  4:43  Bunker  
  36  4:47  Liberator  
  36  4:51  Marine  
  36  4:52  Marine x2  
  39  4:53  Supply Depot  
  39  4:54  Supply Depot  
  38  5:37  Marine x3  
  38  5:38  Siege Tank  
  41  5:49  Liberator  
  41  5:55  Marine  
  41  5:56  Marine  
  43  5:57  Barracks Tech Lab  
  46  6:12  Engineering Bay, Marine  
  46  6:14  Marine  
  48  6:23  Marine, Stimpack  
  40  6:45  Marine x3  
  22  7:01  Liberator  
  22  7:03  Marine x2  
  22  7:04  Marine  
  24  7:12  SCV  
  25  7:18  Siege Tank  
  25  7:21  Command Center, Marine x2  
  25  7:22  Marine  
  34  7:24  SCV  
  35  7:36  SCV  
  36  7:38  Marine  
  36  7:39  Marine  
  38  7:48  SCV  
  38  7:51  Siege Tank, Marine  
  40  8:01  SCV  
  41  8:10  Marine  
  41  8:12  Barracks Reactor  
  42  8:13  Barracks Reactor  
  42  8:16  Terran Infantry Weapons Level 1  
  42  8:18  SCV  
  42  8:20  Barracks  
  42  8:21  Barracks  
  42  8:30  Command Center  
  42  8:31  SCV  
  42  8:32  Combat Shield, Marine  
  44  8:37  Missile Turret  
  44  8:53  Orbital Command  
  44  8:55  SCV  
  44  9:02  Sensor Tower  
  45  9:08  SCV, Marine  
  45  9:09  Barracks Reactor x2  
  47  9:13  Starport Reactor  
  47  9:20  SCV  
  48  9:25  Missile Turret  
  48  9:29  SCV  
  48  9:30  Missile Turret  
  49  9:32  SCV  
  45  9:43  Marine  
  45  9:44  Marine x4  
  49  9:50  Marine  
  49  9:51  Marine x3  
  53  9:58  Orbital Command  
  53  10:01  SCV, Marine  
  53  10:02  Marine x3  
  53  10:05  SCV  
  59  10:13  SCV  
  50  10:17  Missile Turret x2  
  50  10:18  Missile Turret  
  44  10:25  Armory  
  44  10:27  Terran Infantry Armor Level 1  
  44  10:32  Medivac  
  46  10:35  Medivac  
  46  10:40  SCV x2  
  46  10:41  SCV  
  28  10:58  Marine  
  28  10:59  Marine x8  
  31  11:16  Marine x2  
  23  11:37  Missile Turret  
  23  11:38  Missile Turret  
  23  11:39  Missile Turret  
  16  11:49  Refinery x2  
  16  12:18  Marine  
  13  12:31  Factory Tech Lab  
  13  12:39  Marine  
  13  12:40  Marine x3  
  17  12:57  Marine x4  
  21  13:11  Thor  
  27  13:15  Marine x4  
  31  13:32  Marine  
  31  13:33  Marine x3  
  24  13:50  Marine  
  24  13:51  Marine x3  
  22  14:08  Marine  
  22  14:09  Marine x3  
Show
View Real Time Build Order
Export as new Build Order

Blinky Protoss 

Build Orders:  

Get SALT Encoding   

  12  0:02  Probe  
  13  0:26  Probe  
  14  0:29  Pylon  
  14  0:35  Probe  
  15  0:43  Probe  
  15  0:48  Gateway  
  16  0:52  Probe  
  16  0:53  Assimilator  
  17  1:05  Probe  
  18  1:17  Probe  
  19  1:21  Assimilator  
  19  1:22  Pylon  
  19  1:24  Gateway  
  19  1:37  Probe  
  20  1:46  Cybernetics Core  
  20  1:55  Zealot  
  20  1:57  Probe  
  21  2:02  Pylon, Zealot  
  23  2:11  Probe  
  23  2:12  Warp Gate  
  26  2:19  Gateway  
  26  2:27  Sentry  
  28  2:33  Probe  
  29  2:39  Shield Battery  
  29  2:46  Shield Battery  
  28  3:08  Probe  
  28  3:10  Adept, Sentry  
  28  3:11  Adept  
  35  3:22  Pylon  
  35  3:26  Pylon  
  35  3:45  Pylon  
  35  4:01  Sentry x2  
  35  4:02  Stalker  
  37  4:24  Shield Battery  
  37  4:25  Shield Battery  
  37  4:28  Sentry  
  37  4:30  Stalker x2  
  41  4:39  Probe  
  41  4:42  Pylon  
  36  4:59  Stalker x3  
  31  5:21  Probe  
  32  5:25  Stalker x3  
  38  5:33  Probe  
  39  5:48  Probe  
  40  5:52  Adept x3  
  46  6:15  Stalker x2, Sentry  
  52  6:19  Probe  
  53  6:27  Pylon, Nexus  
  53  6:28  Pylon  
  53  6:30  Robotics Facility  
  53  6:31  Probe  
  54  6:43  Probe  
  55  6:55  Probe  
  56  7:07  Probe  
  55  7:14  Assimilator  
  55  7:16  Assimilator  
  55  7:18  Sentry  
  55  7:19  Probe  
  55  7:21  Sentry  
  60  7:23  Sentry  
  62  7:31  Probe  
  63  7:44  Probe  
  64  7:46  Warp Prism  
  64  7:56  Adept x3  
  64  8:14  Probe  
  65  8:21  Observer  
  65  8:26  Probe  
  66  8:32  Robotics Bay  
  67  8:37  Gateway  
  67  8:38  Gateway, Probe  
  67  8:39  Adept  
  67  8:40  Sentry  
  72  8:41  Stalker  
  74  9:09  Adept x3  
  58  9:39  Adept  
  58  9:40  Adept x2  
  64  9:52  Probe, Extended Thermal Lance  
  59  10:00  Colossus  
  59  10:04  Probe  
  66  10:16  Probe  
  63  10:25  Adept x5  
  63  10:28  Probe  
  56  10:59  Colossus  
  56  11:04  Adept x2  
  56  11:05  Adept  
  56  11:08  Stalker x2  
  72  11:19  Probe  
  72  11:24  Stalker  
  72  11:25  Stalker x2  
  77  11:32  Gravitic Drive, Shield Battery  
  77  11:35  Shield Battery, Sentry x2  
  77  11:37  Shield Battery  
  77  11:39  Pylon  
  81  11:41  Shield Battery  
  81  11:44  Shield Battery  
  81  11:46  Shield Battery  
  81  12:05  Stalker x4  
  81  12:06  Stalker  
  89  12:17  Probe  
  85  12:34  Probe  
  74  12:45  Stalker x2  
  74  12:46  Stalker x3, Probe  
  85  12:58  Probe  
  86  13:01  Gateway  
  86  13:03  Twilight Council  
  86  13:04  Gateway  
  86  13:09  Stalker x5  
  74  13:33  Sentry  
  74  13:34  Sentry x4  
  74  13:59  Adept x5  
Show
View Real Time Build Order
Export as new Build Order

States Terran 

Build Orders:  

Get SALT Encoding   

  12  0:03  SCV  
  13  0:25  SCV  
  14  0:34  Supply Depot  
  14  0:43  Supply Depot  
  14  0:53  SCV  
  14  0:54  Refinery  
  15  1:17  Barracks  
  15  1:22  SCV  
  16  1:35  SCV  
  17  1:50  SCV  
  18  2:05  Orbital Command  
  19  2:15  Reaper  
  19  2:29  Refinery  
  19  2:30  SCV  
  20  2:43  SCV  
  21  2:47  Reaper  
  22  3:19  Reaper  
  23  4:41  Barracks Reactor  
  22  4:49  Barracks  
  20  5:38  Reaper x2  
  20  5:40  Reaper  
  23  5:51  SCV  
  24  6:03  SCV  
  25  6:10  Reaper x2  
  27  6:12  Reaper  
  27  6:15  SCV  
  27  6:42  Reaper x2  
  27  6:44  Reaper  
  28  7:14  Reaper x2  
  30  7:16  Reaper  
  31  8:01  Reaper  
  29  9:01  Factory  
  29  9:07  Supply Depot  
  29  9:13  Supply Depot  
  29  10:00  Marine x2  
  32  10:11  Barracks Tech Lab  
  31  10:18  Marine x2  
  33  10:35  Marine  
  33  10:36  Marine  
  35  10:43  Stimpack  
  35  10:50  Command Center  
  35  10:53  Marine  
  35  10:54  Marine  
  29  11:54  Orbital Command  
  29  12:54  Refinery  
  29  12:58  Refinery  
  29  13:36  Marine  
  29  13:38  Marine x2  
  30  13:54  Marine  
  22  13:55  Marine x2  
Show
View Real Time Build Order
Export as new Build Order

Dink Zerg - Winner!

Build Orders: Pool First 

Get SALT Encoding   

  12  0:02  Drone  
  13  0:09  Drone  
  14  0:27  Spawning Pool  
  13  0:30  Extractor  
  13  0:32  Drone  
  13  0:43  Extractor  
  13  0:44  Drone x2  
  15  0:51  Overlord  
  15  1:16  Zergling x2  
  15  1:17  Queen, Zergling x2  
  19  1:19  Zergling x2  
  20  1:34  Zergling x2  
  21  1:40  Zergling x2  
  22  2:01  Overlord x2  
  22  2:19  Overlord  
  22  2:26  Overlord  
  19  3:02  Zergling x2  
  19  3:03  Zergling x4  
  20  3:24  Hatchery  
  19  3:28  Drone x2  
  19  3:33  Queen  
  23  3:35  Hatchery  
  22  3:44  Metabolic Boost  
  19  3:58  Drone x2  
  19  3:59  Drone  
  22  4:36  Zergling x2  
  22  4:37  Zergling x8  
  27  4:46  Lair  
  27  4:50  Extractor  
  26  4:58  Extractor  
  25  5:02  Drone x3  
  25  5:04  Extractor  
  27  5:08  Drone x3  
  30  5:16  Drone  
  31  5:37  Drone x2  
  33  5:51  Drone x3  
  36  6:07  Spire  
  36  6:10  Drone x4  
  39  6:18  Drone  
  39  6:19  Drone x2  
  42  6:30  Queen  
  44  6:54  Overlord  
  44  6:56  Drone  
  44  6:57  Drone x4  
  49  7:02  Drone  
  50  7:12  Queen  
  52  7:15  Drone  
  52  7:16  Drone x5  
  52  7:19  Overlord  
  52  7:20  Overlord x5  
  58  7:22  Zerg Flyer Weapons Level 1  
  58  7:28  Spire  
  57  7:30  Extractor  
  57  7:31  Extractor  
  57  7:35  Drone x3  
  58  7:50  Mutalisk x4  
  66  7:54  Mutalisk  
  68  7:58  Mutalisk  
  70  8:09  Mutalisk x3  
  76  8:16  Mutalisk x2  
  76  8:19  Mutalisk  
  82  8:27  Mutalisk x2  
  81  8:59  Mutalisk  
  81  9:00  Mutalisk x8  
  83  9:35  Mutalisk x11  
  83  9:36  Mutalisk  
  87  9:58  Mutalisk x2  
  87  9:59  Mutalisk x5  
  87  10:38  Drone x9  
  83  11:01  Drone  
  83  11:02  Drone x3  
  72  11:29  Mutalisk x3  
  72  11:30  Mutalisk x3  
  78  11:33  Mutalisk  
  72  12:01  Drone x6  
  71  12:07  Queen  
  76  12:09  Zerg Flyer Weapons Level 2  
  42  12:41  Mutalisk  
  42  12:42  Mutalisk x5  
  46  13:08  Drone  
  46  13:09  Drone x8  
  41  14:08  Drone x4  
  41  14:09  Drone x5  
Show
View Real Time Build Order
Export as new Build Order

SneakyProbe Protoss - Winner!

Build Orders:  

Get SALT Encoding   

  12  0:01  Probe  
  13  0:13  Probe  
  14  0:20  Pylon  
  14  0:25  Probe  
  15  0:34  Probe  
  16  0:43  Gateway  
  16  0:44  Probe  
  17  0:50  Assimilator  
  17  0:55  Assimilator  
  17  0:56  Probe  
  18  1:08  Probe  
  19  1:20  Probe  
  20  1:33  Probe  
  20  1:35  Cybernetics Core  
  21  1:45  Pylon, Probe  
  22  1:57  Probe, Warp Gate  
  23  2:05  Stalker  
  23  2:08  Gateway  
  23  2:12  Robotics Facility  
  25  2:35  Pylon  
  25  2:44  Gateway  
  25  3:00  Immortal  
  25  3:04  Gateway  
  29  3:06  Pylon  
  29  3:33  Pylon  
  29  3:39  Immortal  
  33  3:48  Stalker  
  33  3:49  Stalker  
  37  3:58  Stalker  
  37  4:19  Stalker x2  
  41  4:24  Immortal  
  38  4:54  Stalker x2  
  34  5:16  Stalker, Adept  
  34  5:17  Adept  
  34  5:19  Probe  
  41  5:27  Immortal  
  45  5:49  Stalker  
  47  5:50  Sentry  
  47  5:51  Sentry  
  47  5:55  Probe  
  52  6:05  Stalker  
  54  6:31  Nexus  
  24  7:13  Probe  
  24  7:21  Probe  
  26  7:31  Probe  
  27  7:42  Assimilator  
  27  7:43  Probe  
  28  7:46  Assimilator  
  28  7:50  Probe  
  29  7:53  Probe  
  29  7:58  Probe  
  30  8:01  Probe  
  30  8:04  Pylon  
  30  8:05  Pylon  
  32  8:09  Probe  
  32  8:10  Probe  
  32  8:13  Stargate  
  34  8:21  Probe  
  34  8:22  Probe  
  36  8:33  Probe  
  37  8:36  Probe  
  38  8:41  Pylon  
  38  8:44  Forge  
  38  8:45  Pylon, Probe  
  39  9:03  Nexus  
  10  11:45  Photon Cannon  
  10  11:49  Photon Cannon  
  7  12:14  Probe  
  9  12:15  Probe  
  9  12:26  Probe  
  9  12:27  Probe  
  11  12:38  Probe  
  11  12:39  Probe  
Show
View Real Time Build Order
Export as new Build Order

HearYeHearYe Terran - Winner!

Build Orders:  

Get SALT Encoding   

  12  0:02  SCV  
  13  0:14  SCV  
  14  0:19  Supply Depot  
  14  0:42  Barracks  
  14  0:43  SCV  
  14  0:49  Refinery  
  15  0:56  SCV  
  16  1:15  Barracks  
  16  1:19  SCV  
  17  1:28  Barracks  
  18  1:32  SCV  
  18  1:41  Reaper  
  18  1:46  Refinery  
  17  2:04  Orbital Command  
  17  2:13  Reaper  
  18  2:16  Reaper  
  19  2:28  Supply Depot  
  19  2:35  Reaper  
  20  3:00  Reaper x2  
  22  3:09  Reaper  
  22  3:10  SCV  
  24  3:22  SCV  
  25  3:32  Reaper, Barracks  
  26  3:35  SCV  
  27  3:47  SCV, Command Center  
  25  4:07  Reaper x2  
  24  4:30  SCV  
  25  4:40  Factory  
  25  4:42  SCV  
  28  4:48  Barracks Reactor x2  
  25  4:54  SCV  
  26  5:06  SCV  
  23  5:18  SCV, Orbital Command  
  23  5:19  Barracks Tech Lab  
  24  5:24  Factory Tech Lab  
  24  5:25  Starport  
  24  5:26  Marine x3  
  24  5:27  Marine  
  28  5:30  SCV  
  29  5:38  Marauder  
  29  5:39  Stimpack  
  32  5:42  SCV  
  32  5:44  Marine x4  
  32  5:49  Siege Tank  
  39  5:52  SCV  
  39  5:54  SCV  
  41  6:02  Supply Depot  
  41  6:04  SCV, Medivac  
  41  6:05  Supply Depot  
  41  6:09  Marine  
  41  6:10  Marine  
  46  6:23  SCV x2, Marine  
  46  6:25  Marine x2  
  51  6:35  SCV  
  52  6:42  Marine x3  
  52  6:43  Marine x2  
  42  6:56  SCV x2  
  42  6:57  Siege Tank  
  42  7:00  Marine x3  
  42  7:01  Marine  
  50  7:02  Marauder, Medivac  
  55  7:08  SCV x2  
  55  7:09  Engineering Bay  
  57  7:18  Marine x3  
  57  7:19  Marine  
  57  7:20  SCV  
  62  7:41  Supply Depot  
  62  7:42  Supply Depot x2  
  62  7:43  Supply Depot  
  62  8:02  SCV  
  62  8:03  SCV  
  49  8:14  SCV  
  49  8:15  SCV  
  46  8:26  Barracks x2  
  49  8:27  Siege Tank  
  49  8:28  SCV, Barracks, Viking  
  49  8:29  SCV  
  53  8:35  Armory, Factory  
  53  8:37  Terran Infantry Weapons Level 1, Refinery x2  
  53  8:41  SCV x2  
  55  8:53  SCV  
  56  8:58  SCV  
  56  8:59  Siege Tank  
  60  9:05  SCV  
  61  9:12  SCV  
  62  9:17  SCV  
  62  9:19  Engineering Bay  
  63  9:24  SCV  
  63  9:29  SCV, Barracks Tech Lab x2  
  63  9:30  Barracks Reactor  
  65  9:37  SCV  
  66  9:39  Barracks x2  
  66  9:41  SCV  
  65  9:56  Marine x2  
  67  10:01  Terran Infantry Armor Level 1  
  67  10:09  Marine x2  
  67  10:11  Starport Reactor  
  67  10:14  Marine x2  
  71  10:27  Marine  
  72  10:31  Marine x2  
  72  10:35  Barracks Reactor x2, Command Center  
  74  10:36  Barracks  
  74  10:37  SCV x2  
  74  10:38  Barracks  
  74  10:40  Barracks  
  74  10:41  Starport  
  76  10:44  Factory  
  76  10:49  SCV  
  77  10:58  Marine  
  77  10:59  Marauder x2, Marine  
  77  11:00  Combat Shield  
  83  11:08  SCV  
  83  11:09  SCV  
  85  11:13  Medivac x2  
  85  11:14  Marine x4  
  85  11:15  Terran Infantry Weapons Level 2  
  85  11:16  Marine  
  94  11:18  Starport Reactor  
  94  11:23  Marine x3  
  94  11:24  SCV x2  
  99  11:29  Supply Depot x2  
  99  11:31  Barracks Reactor x2, Marine  
  99  11:32  Marine x3, Supply Depot  
  103  11:34  Factory Tech Lab, Siege Tank, Marine  
  103  11:36  SCV x2  
  109  11:41  Marine x3  
  112  11:48  SCV x2  
  112  11:49  Marine  
  112  11:50  Marine x3  
  112  11:52  Marine, Supply Depot  
  112  11:53  Supply Depot  
  119  11:56  Orbital Command  
  119  11:57  Supply Depot  
  119  11:59  Marauder x2, Marine  
  119  12:00  SCV x2  
  126  12:07  Marine x3  
  126  12:08  Marine  
  130  12:10  Marine  
  130  12:24  Barracks Reactor, Marine x4  
  130  12:25  Marine x4  
  136  12:33  Command Center, Viking x2  
  136  12:34  Viking x2  
  144  12:44  Marine x5  
  144  12:45  Marauder x2, Marine x5  
  158  13:01  Marine x2  
  158  13:02  Marine x3  
  158  13:03  Viking  
  158  13:05  Siege Tank, Medivac x2  
  168  13:06  Marauder, Medivac  
  176  13:16  SCV  
  176  13:17  SCV x2  
  173  13:28  SCV  
  173  13:29  SCV  
  173  13:32  Marine x6  
  181  13:44  Medivac, Marine x6  
  181  13:45  SCV x3, Marauder x2  
  196  13:50  Marine  
  182  13:57  SCV x2  
  182  14:00  Marine x3  
  182  14:01  Marine x2  
  182  14:02  Marine x6  
  188  14:06  Marauder x2  
Tags
 
Add a new tag
Caveats
  • Supply blocks, unpowered buildings, or Contaminate may cause inaccurate times.
  • Supply counts are checked every 10 seconds.